 Dungeon Crawl Stone Soup version 0.27.0-1-g7a089689b8 (webtiles) character file.

Game seed: 12960292064184668686

462 lnt the Digger (level 7, -4/36 HPs)
             Began as a Gargoyle Earth Elementalist on Aug 5, 2021.
             Slain by an iguana (6 damage)
             ... on level 4 of the Dungeon on Aug 6, 2021.
             The game lasted 00:22:21 (4818 turns).

lnt the Digger (Gargoyle Earth Elementalist)        Turns: 4818, Time: 00:22:22

Health: -4/36      AC:  6    Str: 11    XL:     7   Next: 7%
Magic:  8/11       EV: 12    Int: 18    God:
Gold:   196        SH:  0    Dex: 10    Spells: 7/12 levels left

rFire    . . .     SeeInvis .   p - +0 scythe
rCold    . . .     Faith    .   (shield currently unavailable)
rNeg     + . .     Spirit   .   b - +0 robe
rPois    ∞         Reflect  .   (no helmet)
rElec    +         Harm     .   (no cloak)
rCorr    .         Rampage  .   (no gloves)
Will     .....                  (no boots)
Stlth    ++........             (no amulet)
HPRegen  0.12/turn              h - +4 ring of slaying
MPRegen  0.12/turn              (no ring)

@: no status effects
A: sickness immunity, AC +4, negative energy resistance 1, electricity
resistance, torment resistance 1, petrification resistance
a: no special abilities


You were on level 4 of the Dungeon.
You visited 1 branch of the dungeon, and saw 4 of its levels.

You collected 196 gold pieces.

Inventory:

Hand Weapons
 j - a +0 dagger
 p - a +0 scythe (weapon)
Missiles
 c - 5 boomerangs
 g - 12 poisoned darts
 l - 2 throwing nets
Armour
 b - a +0 robe (worn)
Magical Staves
 q - a staff of fire
Jewellery
 h - a +4 ring of slaying (left hand)
Scrolls
 a - a scroll of noise {unknown}
 d - 2 scrolls of amnesia {unknown}
 i - 2 scrolls of identify {unknown}
 k - a scroll of magic mapping {unknown}
 m - a scroll of teleportation {unknown}
Potions
 e - a potion of degeneration {unknown}
 f - a potion of lignification {unknown}
 n - a potion of might {unknown}
 o - a potion of curing {unknown}


   Skills:
 + Level 3.3 Dodging
 - Level 2.6 Stealth
 - Level 3.0 Spellcasting
 * Level 1.3 Conjurations
 + Level 2.0 Necromancy
 - Level 1.9 Transmutations
 + Level 5.6 Earth Magic


You had 7 spell levels left.
You knew the following spells:

 Your Spells              Type           Power      Damage    Failure   Level
a - Sandblast             Erth           46%        2d11      1%          1
b - Stone Arrow           Conj/Erth      30%        3d8       12%         3
c - Pain                  Necr           40%        1d6       7%          1

Your spell library contained the following spells:

 Spells                   Type           Power      Damage    Failure   Level
 Passwall                 Tmut/Erth      13%        N/A       5%          2
 Animate Skeleton         Necr           20%        N/A       7%          1
 Vampiric Draining        Necr           5%         2d6       21%         3
 Petrify                  Tmut/Erth      16%        N/A       34%         4
 Ignite Poison            Fire/Tmut/Pois 5%         N/A       36%         3
 Mephitic Cloud           Conj/Pois/Air  4%         N/A       38%         3
 Lee's Rapid Deconstruct  Erth           11%        3d9*      41%         5
 Bolt of Magma            Conj/Fire/Erth 5%         4d5       86%         5
 Iskenderun's Battlesphe  Conj           7%         2d6       95%         5
 Iron Shot                Conj/Erth      7%         9d2       99%         6
 Spellforged Servitor     Conj/Summ      2%         N/A       100%        7


Dungeon Overview and Level Annotations

Branches:
Dungeon (4/15)
 Temple: D:4-7

Altars:
Ashenzari
Fedhas
Makhleb
Nemelex Xobeh
Uskayaw
Xom
The Shining One

Shops:
D:1 *


Innate Abilities, Weirdness & Mutations

You are immune to sickness and miasma.
Your stone body is resilient. (AC +4)
You are immune to poison.
You resist negative energy. (rN+)
You are resistant to electric shocks. (rElec)
You are resistant to unholy torment.
You are immune to petrification.


Message History

Aim: an iguana (chance to affect: 71%)
The iguana writhes in agony.
The iguana barely misses you.
Casting: Pain (safe; 7% risk of failure)
Confirm with . or Enter, or press ? or * to list all spells.
Aiming: Pain (safe; 7% risk of failure)
Press: ? - help, Shift-Dir - straight line, f/p - iguana
Aim: an iguana (lightly wounded, chance to affect: 71%)
The iguana writhes in agony.
The iguana bites you!
Casting: Pain (safe; 7% risk of failure)
Confirm with . or Enter, or press ? or * to list all spells.
Aiming: Pain (safe; 7% risk of failure)
Press: ? - help, Shift-Dir - straight line, f/p - iguana
Aim: an iguana (heavily wounded, chance to affect: 71%)
Okay, then.
Casting: Pain (safe; 7% risk of failure)
Confirm with . or Enter, or press ? or * to list all spells.
Aiming: Pain (safe; 7% risk of failure)
Press: ? - help, Shift-Dir - straight line, f/p - iguana
Aim: an iguana (heavily wounded, chance to affect: 71%)
The iguana struggles to resist.
The iguana closely misses you.
You slash the iguana!
The iguana is almost dead.
The iguana bites you! The iguana misses you.
You closely miss the iguana.
The iguana is almost dead.
The iguana closely misses you. The iguana bites you!
* * * LOW HITPOINT WARNING * * *
An endoplasm comes into view.
The endoplasm quivers.
A kobold comes into view. It is wielding a +0 short sword.
An endoplasm comes into view.
Casting: Pain (safe; 7% risk of failure)
Confirm with . or Enter, or press ? or * to list all spells.
Aiming: Pain (safe; 7% risk of failure)
Press: ? - help, Shift-Dir - straight line, f/p - iguana
Aim: an iguana (almost dead, chance to affect: 71%)
The iguana writhes in agony.
The endoplasm quivers.
The iguana bites you.
You die...

......................#####
................#######...'
...........)..J......#.8...
.......#..##....###.##.._..
..............>.###. #.8.8.
....................o##...#
......................#####
..........<................
..........@#....#.#.###.###
.....#K#..#l....#.#.# #. ##
................#.#.###.##.
...#.#.##.......#.......#..
....... #.##....# #.# ##..#
...#.#. #.##J...###.###..##
.. ................###
.........###.##...##
.........## #.##....#


You could see an iguana, 2 endoplasms and a kobold.

Vanquished Creatures
  Sigmund (D:3)
  An ogre (D:3)
  A scorpion (D:4)
  An orc priest (D:3)
  A hound (D:4)
  An adder (D:3)
  3 worms (D:3)
  10 orcs
  7 ball pythons
  5 bats
  10 endoplasms
  3 giant cockroaches
  5 goblins
  8 hobgoblins
  2 jackals (D:1)
  2 quokkas
  2 frilled lizards
  10 kobolds
  4 rats
77 creatures vanquished.

Vanquished Creatures (others)
  A hobgoblin (D:2)
1 creature vanquished.

Grand Total: 78 creatures vanquished

Notes
Turn   | Place    | Note
-------+----------+-------------------------------------------
     0 | D:1      | lnt the Gargoyle Earth Elementalist began the quest for the
                  | Orb.
     0 | D:1      | Reached XP level 1. HP: 10/10 MP: 3/3
   113 | D:1      | Reached skill level 1 in Transmutations
   149 | D:1      | Found Vausho Vaym's Assorted Antiques.
   214 | D:1      | Reached XP level 2. HP: 15/15 MP: 3/5
   653 | D:1      | Reached skill level 4 in Earth Magic
   782 | D:1      | Reached XP level 3. HP: 19/19 MP: 3/6
   786 | D:1      | Learned a level 3 spell: Stone Arrow
   975 | D:2      | Found a faded altar of an unknown god.
  1034 | D:2      | Found a shimmering altar of Xom.
  1859 | D:3      | Learned a level 1 spell: Pain
  1998 | D:3      | Reached XP level 4. HP: 22/24 MP: 3/7
  2271 | D:3      | Found a burning altar of Makhleb.
  2896 | D:3      | Noticed Sigmund
  2906 | D:3      | Killed Sigmund
  2907 | D:3      | Reached skill level 1 in Necromancy
  2907 | D:3      | Reached skill level 5 in Earth Magic
  2907 | D:3      | Reached XP level 5. HP: 19/28 MP: 1/9
  2907 | D:3      | Reached XP level 6. HP: 22/32 MP: 1/10
  4668 | D:4      | Found a blossoming altar of Fedhas.
  4671 | D:4      | Found a glowing golden altar of the Shining One.
  4674 | D:4      | Found a broken altar of Ashenzari.
  4685 | D:4      | Found a hide-covered altar of Uskayaw.
  4761 | D:4      | Reached skill level 1 in Conjurations
  4761 | D:4      | Reached XP level 7. HP: 36/36 MP: 11/11
  4764 | D:4      | Found a sparkling altar of Nemelex Xobeh.
  4801 | D:4      | HP: 1/36 [iguana (12)]
  4818 | D:4      | Slain by an iguana

Illustrated notes

Levels and vault maps discovered:
D:1:      wander_arrival_peaceful_grave, layout_basic, serial_shops,
          nicolae_shop_waterfront, nrook_campfire
D:2:      layout_loops_cross, basic_altar, ebering_ecumenical_altar_abandoned,
          st_stairs_7, lemuel_old_faithful
D:3:      layout_loops_ring, lightli_temple_of_fire, uniq_sigmund,
          uniq_crazy_yiuf_cottage
D:4:      layout_basic, grunt_temple_overflow_cloverleaf,
          nemelex_diamond_rough_becter

Skill      XL: |  1  2  3  4  5  6 |
---------------+-------------------+-----
Transmutations | 1 |  1.9
Earth Magic    | 4 5 |  5.6
Dodging        | 2 3 |  3.3
Necromancy     | 1 2 |  2.0
Spellcasting   | 3 |  3.0
Conjurations   | 1 |  1.3
Stealth        | |  2.6

Action                   |  1- 3 |  4- 6 |  7- 9 || total
-------------------------+-------+-------+-------++-------
Melee: Unarmed           |     5 |       |       ||     5
       Club              |     8 |       |       ||     8
       Dagger            |    13 |    17 |       ||    30
       Scythe            |       |    11 |     2 ||    13
 Cast: Sandblast         |    49 |    22 |       ||    71
       Pain              |     4 |    48 |     7 ||    59
 Stab: Sleeping          |     4 |     4 |       ||     8
Armor: Robe              |    21 |    26 |       ||    47
Dodge: Dodged            |    24 |    46 |     4 ||    74
